 Dungeon Crawl Stone Soup version 0.31.0-11-ge490571c62 (webtiles) character file.

Game seed: 4642631971335112796

1040 iamserjio the Cleaver (level 8, -2/68 (73) HPs)
             Began as a Minotaur Fighter on Feb 4, 2024.
             Was an Initiate of Okawaru.
             Slain by a black bear (7 damage)
             ... on level 6 of the Dungeon.
             The game lasted 00:03:13 (3090 turns).

iamserjio the Cleaver (Minotaur Fighter)            Turns: 3090, Time: 00:03:14

HP:   -2/68 (73)    AC:  6    Str: 22    XL:     8   Next: 4%
MP:   16/16         EV:  9    Int:  5    God:    Okawaru [......]
Gold: 204           SH:  4    Dex: 11    Spells: 7/7 levels left

rFire   . . .        a - +0 war axe
rCold   . . .        c - +0 buckler
rNeg    . . .        b - +0 scale mail
rPois   .            (helmet restricted)
rElec   .            (no cloak)
rCorr   .            (no gloves)
SInv    .            (no boots)
Will    .....        (no amulet) Stlth
                     n - ring of magical power
HPRegen 0.31/turn    (no ring)
MPRegen 0.15/turn

%: no passive effects
@: mighty, drained
A: horns 2, retaliatory headbutt
a: Renounce Religion


You were on level 6 of the Dungeon.
You worshipped Okawaru.
Okawaru was noncommittal.
You visited 2 branches of the dungeon, and saw 7 of its levels.

You collected 204 gold pieces.

Inventory:

Hand Weapons
 a - a +0 war axe (weapon)
 s - a +1 demon blade of flaming
Missiles
 p - 3 curare-tipped darts (quivered)
Armour
 b - a +0 scale mail (worn)
 c - a +0 buckler (worn)
 j - a +0 pair of boots
 v - a +0 hat
Jewellery
 n - a ring of magical power (left hand)
Wands
 z - a wand of flame (18)
 C - a wand of mindburst (5)
Scrolls
 f - a scroll of immolation
 g - 2 scrolls of identify {unknown}
 h - 3 scrolls of amnesia {unknown}
 k - a scroll of enchant weapon {unknown}
 m - 2 scrolls of teleportation {unknown}
 u - 3 scrolls of enchant armour {unknown}
 w - 4 scrolls of fog {unknown}
 x - a scroll of vulnerability {unknown}
 y - a scroll of fear {unknown}
 A - a scroll of poison {unknown}
 B - a scroll of revelation {unknown}
Potions
 e - 2 potions of curing {unknown}
 i - 2 potions of heal wounds {unknown}
 l - a potion of lignification {unknown}
 o - a potion of degeneration {unknown}
 q - 2 potions of magic {unknown}
 r - a potion of brilliance {unknown}
 t - a potion of resistance {unknown}
 D - a potion of attraction {unknown}


   Skills:
 + Level 7.3 Fighting
 * Level 9.3 Axes
 - Level 3.6 Armour
 - Level 3.6 Shields
 + Level 1.3 Invocations


You had 7 spell levels left.
You didn't know any spells.
Your spell library contained the following spells:

 Spells                   Type           Power      Damage    Failure   Level
 Volatile Blastmotes      Fire/Tloc      0%         2d10      99%         3
 Fulminant Prism          Conj/Alch      0%         3d5       100%        4
 Iskenderun's Mystic Bla  Conj/Tloc      0%         2d3       100%        4
 Manifold Assault         Tloc           0%         N/A       100%        4
 Dispersal                Tloc           0%         N/A       100%        6
 Disjunction              Tloc           0%         N/A       100%        8


Dungeon Overview and Level Annotations

Branches:
Dungeon (6/15) Zot: 26636  Temple (1/1) D:4 Zot: 5966

Altars:
Ashenzari
Cheibriados
Dithmenos
Elyvilon
Fedhas
Hepliaklqana
Makhleb
Nemelex Xobeh
Okawaru
Qazlal
Ru
Sif Muna
Vehumet
Xom
Yredelemnul
The Shining One

Shops:
D:2 ?   D:5 =


Innate Abilities, Weirdness & Mutations

You have a pair of horns on your head.
You reflexively headbutt those who attack you in melee.


Message History

You are too injured to fight recklessly!
You are too injured to fight recklessly!
The orc hits you but does no damage.
The orc hits you with a +1 hand axe of draining.
* * * LOW HITPOINT WARNING * * *
You feel drained. The orc hits you with a +0 club.
* * * LOW HITPOINT WARNING * * *
The black bear goes berserk!
Things that are here:
a +0 flail; a scroll labelled RENURA BIFEXKAUNA; an orc corpse You barely miss the orc.
Your headbutt misses the orc. You completely miss the orc.
You completely miss the black bear. You closely miss the orc.
The black bear barely misses you.
The black bear claws you but does no damage.
The black bear claws you.
* * * LOW HITPOINT WARNING * * *
The orc hits you with a +1 hand axe of draining.
* * * LOW HITPOINT WARNING * * *
You feel drained. The orc hits you but does no damage.
The orc hits you with a +0 short sword.
* * * LOW HITPOINT WARNING * * *
You feel very mighty all of a sudden. The black bear bites you.
* * * LOW HITPOINT WARNING * * *
The black bear claws you.
* * * LOW HITPOINT WARNING * * *
The black bear claws you but does no damage.
The black bear bites you!
* * * LOW HITPOINT WARNING * * *
The black bear claws you but does no damage.
The black bear claws you.
* * * LOW HITPOINT WARNING * * *
The orc priest looks encouraged for a moment.
The orc hits you with a +1 hand axe of draining.
* * * LOW HITPOINT WARNING * * *
You feel drained. The orc hits you but does no damage. x2
As you read the scroll labelled NORAID DEANWE, it crumbles to dust.
The creatures around you are filled with an inner flame!
It was a scroll of immolation.
The black bear bites you!
You die...

.........# #.##.... .....
.......).####......##############
#####......................#.....
##...$.......................
###)###.......†....#########
.........................#
................†..........
...........o..?....####.....
............@h....<.#....####
#...........o.o........####
#...........o...........#
#...........#####..#
#........##.# #.# #........##...
... .........####.# ###.
#........# .# #


You could see a black bear (berserk, inner flame), an orc priest (inner flame)
and 3 orcs.

Vanquished Creatures
  2 ice beasts (D:6)
  2 ogres
  2 phantoms
  A howler monkey (D:6)
  3 hounds
  2 jellies (D:5)
  A bombardier beetle (D:5)
  An orc priest (D:5)
  2 sleepcaps
  Natasha (D:3)
  3 iguanas
  6 adders
  3 ribbon worms
  10 orcs
  9 ball pythons
  3 bats
  3 endoplasms
  3 giant cockroaches
  4 goblins
  7 hobgoblins
  6 kobolds
  2 quokkas
  A frilled lizard (D:2)
  A rat (D:3)
78 creatures vanquished.

Vanquished Creatures (others)
  5 dream sheep (D:5)
5 creatures vanquished.

Grand Total: 83 creatures vanquished

Notes
Turn   | Place    | Note
-------+----------+-------------------------------------------
     0 | D:1      | iamserjio the Minotaur Fighter began the quest for the Orb.
     0 | D:1      | Reached XP level 1. HP: 19/19 MP: 0/0
    80 | D:1      | Reached skill level 3 in Axes
   101 | D:1      | Reached XP level 2. HP: 27/27 MP: 1/1
   303 | D:2      | Found Gikhlig's Magic Scroll Shoppe.
   467 | D:2      | Reached skill level 4 in Axes
   467 | D:2      | Reached XP level 3. HP: 24/34 MP: 2/2
   925 | D:3      | Noticed Natasha
   938 | D:3      | Killed Natasha
   939 | D:3      | Reached XP level 4. HP: 27/41 MP: 3/3
  1082 | D:4      | HP: 2/41 [sleepcap (8)]
  1086 | D:4      | Reached skill level 5 in Axes
  1425 | D:4      | Found a basalt altar of Yredelemnul.
  1442 | D:4      | Reached skill level 5 in Fighting
  1442 | D:4      | Reached XP level 5. HP: 30/48 MP: 4/4
  1548 | D:4      | Noticed a phantom
  1558 | D:4      | Killed a phantom
  1559 | D:4      | Reached skill level 6 in Axes
  1757 | D:4      | Found a staircase to the Ecumenical Temple.
  1829 | D:5      | Entered Level 5 of the Dungeon
  1829 | D:5      | Found Raph's Jewellery Emporium.
  1866 | Temple   | Entered the Ecumenical Temple
  1882 | Temple   | Became a worshipper of Ru the Awakened
  1920 | D:5      | Reached XP level 6. HP: 56/56 MP: 5/5
  1986 | D:5      | Found a radiant altar of Vehumet.
  1986 | D:5      | Found a white marble altar of Elyvilon.
  2116 | D:5      | Reached skill level 7 in Axes
  2233 | D:5      | Reached XP level 7. HP: 15/64 MP: 6/6
  2495 | D:5      | Noticed a dream sheep
  2495 | D:5      | Noticed a dream sheep
  2495 | D:5      | Noticed a dream sheep
  2495 | D:5      | Noticed a dream sheep
  2495 | D:5      | Noticed a dream sheep
  2495 | D:5      | Found a shimmering altar of Xom.
  2498 | D:5      | Killed a dream sheep
  2498 | D:5      | Killed a dream sheep
  2499 | D:5      | Killed a dream sheep
  2499 | D:5      | Killed a dream sheep
  2499 | D:5      | Killed a dream sheep
  2740 | D:6      | Reached skill level 8 in Axes
  2855 | D:6      | Found an iron altar of Okawaru.
  2930 | D:6      | Fell from the grace of Ru
  2930 | D:6      | Became a worshipper of Warmaster Okawaru
  3014 | D:6      | Reached skill level 9 in Axes
  3027 | D:6      | Reached skill level 1 in Invocations
  3067 | D:6      | Reached XP level 8. HP: 73/73 MP: 7/7
  3090 | D:6      | Slain by a black bear

Illustrated notes

Levels and vault maps discovered:
D:1:      lemuel_arrival_behind_the_door_large, layout_basic
D:2:      layout_basic, serial_shops, shop, chequers_serial_rivers_large_a
D:3:      layout_rooms, minivault_23, uniq_natasha
D:4:      minmay_chambers_of_threes, layout_basic, kennysheep_mini_moat,
          minmay_temple_entry_hall
D:5:      layout_rooms, nicolae_overflow_two_pavilions, kb_xom_exploding_sheep,
          serial_shops, shop
D:6:      layout_rooms, nicolae_uskayaw_dance_studio, old_standard_altar
Temple:   grunt_temple_mini_profane

Skill      XL: |  1  2  3  4  5  6  7 |
---------------+----------------------+-----
Axes           | 3 4 5 6 7 9 |  9.3
Fighting       | 4 5 6 7 |  7.3
Invocations    | 1 |  1.3
Armour         | |  3.6
Shields        | |  3.6

Action                     |  1- 3 |  4- 6 |  7- 9 || total
---------------------------+-------+-------+-------++-------
  Melee: War axe           |    64 |    69 |    45 ||   178
         Headbutt          |     8 |    10 |    11 ||    29
         Demon blade       |       |     5 |       ||     5
  Throw: Dart              |       |     2 |       ||     2
    Use: Scroll            |       |       |     1 ||     1
         Potion            |       |       |     1 ||     1
 Armour: Scale mail        |    31 |    52 |    56 ||   139
  Dodge: Dodged            |    32 |    34 |    25 ||    91
  Block: Buckler           |    24 |     4 |     6 ||    34
